 Dungeon Sprint DCSS version 0.20-a0-1126-g0f15420 (webtiles) character file.

60323 Deathtrap2010 the Hoplite (level 14, -24/151 HPs)
             Began as a Minotaur Fighter on May 18, 2017.
             Was the Champion of the Shining One.
             Annihilated by an Orb Guardian (30 damage)
             ... in the Dungeon (Sprint IX: "|||||||||||||||||||||||||||||").
             The game lasted 00:26:00 (3032 turns).

Deathtrap2010 the Hoplite (Minotaur Fighter)        Turns: 3032, Time: 00:26:00

Health: -24/151    AC: 30    Str: 25    XL:     14   Next: 56%
Magic:  20/20      EV: 14    Int:  5    God:    the Shining One [******]
Gold:   1566       SH: 30    Dex: 11    Spells: 13/13 levels left

rFire    . . .     SeeInvis .   n - +9 scimitar (holy)
rCold    . . .     Gourm    .   p - +5 large shield
rNeg     + + +     Faith    .   u - +3 plate armour
rPois    +         Spirit   .   (helmet restricted)
rElec    .         Reflect  .   o - +0 cloak
rCorr    .         Harm     .   t - +0 pair of gloves
MR       +....     NoTele   +   s - +0 pair of boots
Stlth    ..........             (no amulet)
Regen    0.4/turn               q - +2 ring of protection
MPRegen  0.2/turn               r - +2 ring of protection

@: glowing
A: retaliatory headbutt, horns 2, talons 1, poison resistance
a: Divine Shield, Cleansing Flame, Summon Divine Warrior, Brand Weapon With Holy
Wrath, Renounce Religion


You were in the Dungeon.
You worshipped the Shining One.
The Shining One was exalted by your worship.
You were not hungry.

You visited 1 branch You collected 1900 gold pieces.
You spent 334 gold pieces at shops.

Inventory:

Hand Weapons
 n - a +9 scimitar of holy wrath (weapon)
Armour
 o - a +0 cloak (worn)
 p - a +5 large shield (worn)
 s - a +0 pair of boots (worn)
 t - a +0 pair of gloves (worn)
 u - a +3 plate armour (worn)
Jewellery
 q - a +2 ring of protection (left hand)
 r - a +2 ring of protection (right hand)
Wands
 m - a wand of iceblast (2/15)
Scrolls
 d - a scroll of fog
 j - 4 scrolls of remove curse
 l - 2 scrolls of amnesia
 z - a scroll of identify
Potions
 a - 2 potions of brilliance
 i - 4 potions of magic
Comestibles
 b - 42 fruits
 f - 10 bread rations
 h - 12 meat rations


   Skills:
 * Level 21.1 Fighting
 * Level 22.3 Long Blades
 * Level 17.8 Armour
 * Level 14.7 Dodging
 * Level 23.6 Shields
 * Level 9.8 Evocations


You had 13 spell levels left.
You didn't know any spells.

Dungeon Overview and Level Annotations

Branches:
Dungeon (1/1)

Altars:
Cheibriados
Dithmenos
Elyvilon
Fedhas
Gozag
Hepliaklqana
Kikubaaqudgha
Makhleb
Nemelex Xobeh
Okawaru
Qazlal
Ru
Sif Muna
Trog
Uskayaw
Vehumet
Wu Jian
Xom
Yredelemnul
Zin
The Shining One
Beogh
Jiyva
Lugonu

Shops:
D ??}(


Innate Abilities, Weirdness & Mutations

You reflexively headbutt those who attack you in melee.
You have a pair of horns on your head.
You have sharp toenails.
Your system is resistant to poisons. (rPois)


Message History

You block the vampire knight's attack. x2
You fail to use your ability.
The Orb Guardian barely misses you. You furiously retaliate!
You headbutt the Orb Guardian, but do no damage.
You block the vampire knight's attack. x2; You block the Orb Guardian's attack.
Okay, then.
You slash the vampire knight!
The vampire knight convulses!
The vampire knight is moderately damaged.
The Orb Guardian hits you but does no damage.
You block the vampire knight's attack. x2
You slice the vampire knight!!
The vampire knight convulses.
You headbutt the vampire knight.
The vampire knight is heavily damaged.
The Orb Guardian hits you!!
* * * LOW HITPOINT WARNING * * *
You hit the vampire knight.
The vampire knight convulses.
You headbutt the vampire knight, but do no damage.
The vampire knight is severely damaged.
The Orb Guardian hits you!!
You die...

.....'.............[))..[.......[
▓▓▓▓▓▓▓▓▓▓▓▓▓▓▓▓▓▓▓▓▓▓▓▓▓▓▓▓▓▓▓▓▓
.......)....÷....................
▓▓▓▓▓▓▓▓▓▓▓▓▓▓▓▓▓▓▓▓▓▓▓▓▓▓▓▓▓♣♣♣♣
........'.......)()(........†.)..
▓▓▓▓▓▓▓▓▓▓▓▓▓▓▓▓▓▓▓▓▓▓▓▓▓▓▓▓▓♣♣♣♣
.............[)).................
▓▓▓▓▓▓▓▓▓▓▓▓▓▓▓▓▓▓▓▓▓▓▓▓▓▓▓▓▓▓▓▓▓
,,,,,+,,,.ppWcpV@X.......))'.....
*********▓▓▓▓▓▓▓▓▓▓▓▓▓▓▓▓▓▓▓▓▓▓▓▓
,,,,,,,,,,,,,,,,,,,,,,,,,,,,,,,,,
*********************************
,,,,,,+,,,,,,,,,,,,,,,,,,,,,,,,,,
*********************************
,,,,,,,,,,,,,,,,,,,,,,,,,,,,,,,,,
*********************************
+,,,,,,,,,,,,,+,,,,,,,,,,,,,+,,,,


You could see an Orb Guardian, a death knight, a yaktaur captain, a vampire
knight, 2 ironbrand convokers and a freezing wraith.

Vanquished Creatures
  Saint Roka (D)
  A lich (D)
  3 fire giants (D)
  A frost giant (D)
  Aizul (D)
  An entropy weaver (D)
  A very ugly thing (D)
  2 stone giants (D)
  Azrael (D)
  2 ettins (D)
  A yaktaur captain (D)
  A merfolk impaler (D)
  5 fire dragons (D)
  2 great orbs of eyes (D)
  2 hydras (D)
  An ice dragon (D)
  A spriggan air mage (D)
  A ghost crab (D)
  A centaur warrior (D)
  A two-headed ogre (D)
  An anaconda (D)
  A deep troll shaman (D)
  2 tengu warriors (D)
  An alligator (D)
  A satyr (D)
  An orc high priest (D)
  A death yak (D)
  3 shock serpents (D)
  Nergalle (D)
  2 sea snakes (D)
  An unseen horror (D)
  2 glowing orange brains (D)
  A swamp dragon (shapeshifter) (D)
  A flayed ghost (D)
  A necromancer (D)
  11 orc knights (D)
  A deep elf mage (D)
  3 wolf spiders (D)
  2 ugly things (D)
  A moth of wrath (shapeshifter) (D)
  A manticore (D)
  A guardian serpent (D)
  3 black mambas (D)
  2 naga magi (D)
  2 spiny frogs (D)
  An efreet (D)
  2 jumping spiders (D)
  A troll (D)
  2 merfolk (D)
  A slime creature (D)
  6 hippogriffs (D)
  3 redbacks (D)
  A wyvern (shapeshifter) (D)
  2 wraiths (D)
  2 water elementals (D)
  A yak (D)
  3 fire elementals (D)
  2 basilisks (D)
  A vampire mosquito (D)
  4 wargs (D)
  4 porcupines (D)
  5 hell hounds (D)
  A water moccasin (D)
  20 orc warriors (D)
  A swamp drake (D)
  A sky beast (D)
  An ogre (D)
  A phantom (D)
  2 centaurs (D)
  2 wolves (D)
  3 bullfrogs (D)
  4 orc priests (D)
  5 orc wizards (D)
  3 worker ants (D)
  2 adders (D)
  A shadow imp (D)
  An ooze (D)
  A dart slug (D)
  7 orcs (D)
  A bat zombie (D)
  2 hobgoblins (D)
  A kobold (D)
  A quokka (D)
  A jackal zombie (D)
  A leopard gecko simulacrum (D)
181 creatures vanquished.

Vanquished Creatures (collateral kills)
  A great orb of eyes (D)
  A spriggan berserker (D)
2 creatures vanquished.

Vanquished Creatures (others)
  A vampire mosquito (D)
  An insubstantial wisp (D)
  A boggart (D)
3 creatures vanquished.

Grand Total: 186 creatures vanquished

Notes
Turn   | Place    | Note
-------+----------+-------------------------------------------
     0 | D        | Deathtrap2010 the Minotaur Fighter began the quest for the Orb.
     0 | D        | Reached XP level 1. HP: 19/19 MP: 0/0
    16 | D        | Reached skill level 4 in Shields
    20 | D        | Reached XP level 2. HP: 20/28 MP: 1/1
    31 | D        | Noticed a centaur
    31 | D        | Noticed a sky beast
    35 | D        | Killed a sky beast
    35 | D        | Reached skill level 6 in Shields
    35 | D        | Reached XP level 3. HP: 37/37 MP: 2/2
    35 | D        | Reached XP level 4. HP: 44/44 MP: 3/3
    42 | D        | Killed a centaur
    42 | D        | Reached skill level 5 in Long Blades
    42 | D        | Reached skill level 7 in Shields
    42 | D        | Reached XP level 5. HP: 51/52 MP: 4/4
    43 | D        | Reached skill level 8 in Shields
    50 | D        | Found a roughly hewn altar of Beogh.
    50 | D        | Found a snail-covered altar of Cheibriados.
    50 | D        | Found a shadowy altar of Dithmenos.
    50 | D        | Found a white marble altar of Elyvilon.
    50 | D        | Found a blossoming altar of Fedhas.
    50 | D        | Found an opulent altar of Gozag.
    51 | D        | Found a hazy altar of Hepliaklqana.
    52 | D        | Found a viscous altar of Jiyva.
    53 | D        | Found an ancient bone altar of Kikubaaqudgha.
    54 | D        | Found a corrupted altar of Lugonu.
    55 | D        | Found a burning altar of Makhleb.
    56 | D        | Found a sparkling altar of Nemelex Xobeh.
    57 | D        | Found an iron altar of Okawaru.
    58 | D        | Found a stormy altar of Qazlal.
    59 | D        | Found a sacrificial altar of Ru.
    60 | D        | Found a deep blue altar of Sif Muna.
    61 | D        | Found a bloodstained altar of Trog.
    62 | D        | Found a hide-covered altar of Uskayaw.
    63 | D        | Found a radiant altar of Vehumet.
    64 | D        | Found an ornate altar of the Wu Jian Council.
    65 | D        | Found a shimmering altar of Xom.
    66 | D        | Found a basalt altar of Yredelemnul.
    67 | D        | Found a glowing silver altar of Zin.
    68 | D        | Found a glowing golden altar of the Shining One.
   190 | D        | Became a worshipper of the Shining One
   242 | D        | Noticed an orc warrior
   242 | D        | Noticed a two-headed ogre
   242 | D        | Reached * piety under the Shining One
   257 | D        | Killed a two-headed ogre
   257 | D        | Reached skill level 10 in Armour
   257 | D        | Reached skill level 10 in Shields
   257 | D        | Reached XP level 6. HP: 25/66 MP: 5/5
   257 | D        | Reached XP level 7. HP: 27/71 MP: 6/6
   261 | D        | Reached skill level 10 in Long Blades
   261 | D        | Reached XP level 8. HP: 31/79 MP: 7/7
   274 | D        | Reached ** piety under the Shining One
   277 | D        | Reached *** piety under the Shining One
   277 | D        | Reached skill level 10 in Fighting
   287 | D        | Reached skill level 11 in Shields
   414 | D        | Gained mutation: Your system is resistant to poisons. (rPois) [potion of mutation]
   414 | D        | Gained mutation: You have sharp toenails. [potion of mutation]
   425 | D        | Noticed a hippogriff
   425 | D        | Noticed a hippogriff
   425 | D        | Noticed a hippogriff
   426 | D        | Reached **** piety under the Shining One
   456 | D        | Killed a hippogriff
   465 | D        | Killed a hippogriff
   465 | D        | Reached XP level 9. HP: 56/89 MP: 8/8
   470 | D        | Reached skill level 12 in Shields
   498 | D        | Noticed a black mamba
   498 | D        | Noticed a death yak
   498 | D        | Noticed a spiny frog
   498 | D        | Reached ***** piety under the Shining One
   504 | D        | Killed a spiny frog
   509 | D        | Killed a death yak
   514 | D        | Killed a black mamba
   514 | D        | Reached skill level 15 in Long Blades
   514 | D        | Reached XP level 10. HP: 69/100 MP: 9/9
   529 | D        | Reached skill level 13 in Shields
   548 | D        | Reached ****** piety under the Shining One
   693 | D        | Noticed an orc high priest
   693 | D        | Noticed an orc knight
   701 | D        | Killed an orc knight
   708 | D        | Killed an orc high priest
   810 | D        | Noticed an orc knight
   818 | D        | Killed an orc knight
   818 | D        | Reached skill level 14 in Shields
   824 | D        | Noticed an orc knight
   849 | D        | Killed an orc knight
   849 | D        | Reached XP level 11. HP: 87/111 MP: 10/10
   891 | D        | Found Giukh's Antique Weapon Boutique.
   891 | D        | Noticed an orc knight
   891 | D        | Noticed an orc knight
   907 | D        | Killed an orc knight
   907 | D        | Reached skill level 15 in Fighting
   907 | D        | Reached skill level 10 in Dodging
   907 | D        | Reached skill level 1 in Evocations
   911 | D        | Noticed an orc knight
   915 | D        | Killed an orc knight
   917 | D        | Found Veumo's Gadget Shop.
   935 | D        | Killed an orc knight
   938 | D        | Reached skill level 15 in Shields
   942 | D        | Found Vatwadosch's Magic Scroll Boutique.
   946 | D        | Found Lodd's Magic Scroll Shop.
   963 | D        | Noticed an orc knight
   964 | D        | Noticed an orc knight
   966 | D        | Noticed an orc knight
   973 | D        | Killed an orc knight
   982 | D        | Killed an orc knight
   990 | D        | Killed an orc knight
  1025 | D        | Bought a scroll of enchant armour for 90 gold pieces
  1025 | D        | Bought a scroll of enchant armour for 90 gold pieces
  1027 | D        | Bought a scroll of enchant armour for 105 gold pieces
  1027 | D        | Bought a scroll of magic mapping for 49 gold pieces
  1212 | D        | Noticed an unseen horror
  1212 | D        | Noticed a deep elf mage
  1215 | D        | Killed a deep elf mage
  1228 | D        | Killed an unseen horror
  1231 | D        | Noticed a fire dragon
  1235 | D        | Reached skill level 16 in Shields
  1236 | D        | Noticed a deep troll shaman
  1237 | D        | Noticed a fire dragon
  1241 | D        | Killed a fire dragon
  1244 | D        | Noticed a glowing orange brain
  1255 | D        | Killed a deep troll shaman
  1259 | D        | Killed a fire dragon
  1259 | D        | Reached XP level 12. HP: 123/124 MP: 12/14
  1269 | D        | Noticed a great orb of eyes
  1276 | D        | Killed a great orb of eyes
  1305 | D        | Noticed Nergalle
  1315 | D        | Killed Nergalle
  1315 | D        | Reached skill level 15 in Armour
  1315 | D        | Reached skill level 17 in Shields
  1318 | D        | Noticed Aizul
  1341 | D        | Killed Aizul
  1341 | D        | Reached skill level 5 in Evocations
  1686 | D        | Noticed an entropy weaver
  1696 | D        | Killed an entropy weaver
  1725 | D        | Noticed an alligator
  1725 | D        | Noticed a four-headed hydra
  1725 | D        | Noticed a ghost crab
  1733 | D        | Killed a ghost crab
  1733 | D        | Reached skill level 18 in Shields
  1736 | D        | Noticed an eight-headed hydra
  1736 | D        | Killed a seven-headed hydra
  1739 | D        | Killed an alligator
  1746 | D        | Killed a 14-headed hydra
  1755 | D        | Noticed an anaconda
  1774 | D        | Killed an anaconda
  1789 | D        | Reached skill level 19 in Shields
  1789 | D        | Reached XP level 13. HP: 31/134 MP: 16/16
  2095 | D        | Noticed a merfolk impaler
  2101 | D        | Killed a merfolk impaler
  2206 | D        | Noticed Saint Roka
  2207 | D        | Reached skill level 20 in Shields
  2230 | D        | Killed Saint Roka
  2264 | D        | Noticed Azrael
  2274 | D        | Killed Azrael
  2319 | D        | Noticed a fire giant
  2319 | D        | Noticed an ettin
  2319 | D        | Noticed a fire dragon
  2319 | D        | Noticed a frost giant
  2325 | D        | Killed a frost giant
  2325 | D        | Reached skill level 21 in Shields
  2339 | D        | Killed a fire dragon
  2354 | D        | Killed a fire giant
  2360 | D        | Killed an ettin
  2392 | D        | Noticed an ettin
  2393 | D        | Noticed a fire giant
  2393 | D        | Noticed a fire dragon
  2394 | D        | Noticed a lich
  2396 | D        | Noticed a fire giant
  2401 | D        | Killed a fire giant
  2401 | D        | Reached skill level 22 in Shields
  2401 | D        | Reached XP level 14. HP: 52/148 MP: 19/19
  2411 | D        | Killed a lich
  2434 | D        | The Shining One protects you from harm!
  2435 | D        | Killed a fire giant
  2870 | D        | Reached skill level 23 in Shields
  2905 | D        | Noticed a stone giant
  2920 | D        | Killed a stone giant
  2926 | D        | Noticed a stone giant
  2961 | D        | Killed a stone giant
  3013 | D        | Noticed a red very ugly thing
  3023 | D        | Killed a red very ugly thing
  3027 | D        | Noticed an Orb Guardian
  3027 | D        | Noticed a vampire knight
  3031 | D        | HP: 5/151 [Orb Guardian (24)]
  3032 | D        | Annihilated by an Orb Guardian

Vault maps used:
D:        linesprint

Skill      XL: |  1  2  3  4  5  6  7  8  9 10 11 12 13 14 |
---------------+-------------------------------------------+-----
Fighting       | 4 6 7 9 11 12 14 16 18 20 21 | 21.1
Shields        | 4 6 7 10 11 12 14 16 19 22 23 | 23.6
Armour         | 4 6 8 10 12 13 14 16 17 | 17.8
Long Blades    | 3 4 5 9 10 12 15 17 18 19 21 22 | 22.3
Dodging        | 2 3 6 7 8 9 11 12 13 14 | 14.7
Evocations     | 4 6 8 9 |  9.8

Action                   |  1- 3 |  4- 6 |  7- 9 | 10-12 | 13-15 || total
-------------------------+-------+-------+-------+-------+-------++-------
Melee: Long sword        |    20 |     7 |       |       |       ||    27
       Headbutt          |     1 |     1 |    10 |    82 |    82 ||   176
       Scimitar          |       |     9 |    62 |   343 |   280 ||   694
       Kick              |       |       |    12 |    13 |       ||    25
Invok: Cleansing Flame   |       |       |       |       |     1 ||     1
       Summon Divine War |       |       |       |       |     1 ||     1
Evoke: Wand              |       |     1 |     1 |     3 |       ||     5
  Use: Potion            |     1 |     2 |     4 |     8 |     5 ||    20
       Scroll            |       |     1 |     8 |     9 |     2 ||    20
  Eat: Bread ration      |       |       |       |     1 |     2 ||     3
Armor: Scale mail        |     7 |     2 |    17 |     9 |       ||    35
       Plate armour      |       |       |       |    55 |    38 ||    93
Dodge: Dodged            |     3 |     3 |    17 |    44 |    27 ||    94
Block: Shield            |     8 |     5 |    24 |    77 |       ||   114
       Large shield      |       |       |       |   140 |   216 ||   356
       Rpst.: Scimitar   |       |       |     3 |     4 |       ||     7
